 Dungeon Crawl Stone Soup version 0.22-a0-407-gb098539 (webtiles) character file.

289 Ijustatesigmund the Sneak (level 6, -5/42 HPs)
             Began as an Octopode Artificer on May 9, 2018.
             Slain by a phantom (10 damage)
             ... on level 4 of the Dungeon.
             The game lasted 00:10:09 (3993 turns).

Ijustatesigmund the Sneak (Octopode Artificer)      Turns: 3993, Time: 00:10:09

Health: -5/42      AC:  1    Str: 11    XL:     6   Next: 31%
Magic:  8/8        EV: 14    Int: 13    God:
Gold:   174        SH:  0    Dex: 15    Spells: 5/5 levels left

rFire    . . .     SeeInvis .   a - +0 hand axe
rCold    . . .     Gourm    .   (no shield)
rNeg     . . .     Faith    .   (helmet restricted)
rPois    .         Spirit   .   (no amulet)
rElec    .         Reflect  .   g - ring of protection from magic
rCorr    .         Harm     .   (no ring)
MR       +....                  (no ring)
Stlth    ++++......             (no ring)
HPRegen  0.14/turn              (no ring)
MPRegen  0.11/turn              (no ring)
                                (no ring)
                                (no ring)

@: no status effects
A: almost no armour, stealthy swim, amphibious, 8 rings, constrict 8, camouflage
1, gelatinous body 1
a: no special abilities


You were on level 4 of the Dungeon.
You were not hungry.

You visited 1 branch of the dungeon, and saw 4 of its levels.

You collected 174 gold pieces.

Inventory:

Hand Weapons
 a - a +0 hand axe (weapon)
Jewellery
 g - a ring of protection from magic (left tentacle)
Wands
 b - a wand of flame (15)
 c - a wand of enslavement (15)
 d - a wand of random effects (10)
Scrolls
 e - 2 scrolls of identify
 i - a scroll of remove curse
 l - a scroll of enchant armour
 m - a scroll of teleportation
Potions
 h - a potion of magic
 j - a potion of haste
 k - 2 potions of lignification
 n - 2 potions of curing
 o - a potion of heal wounds
Comestibles
 f - 5 rations
 p - 6 chunks of flesh


   Skills:
 + Level 3.3 Fighting
   Level 1.0 Short Blades
 + Level 3.1 Axes
 + Level 3.3 Dodging
 - Level 4.0 Stealth
 - Level 3.2 Evocations


You had 5 spell levels left.
You didn't know any spells.

Dungeon Overview and Level Annotations

Branches:
Dungeon (4/15)
 Temple: D:4-7

Altars:
Makhleb
Trog
Uskayaw

Shops:
D:4 %


Innate Abilities, Weirdness & Mutations

You cannot wear most types of armour.
You are very stealthy in the water. (Stealth+)
You are amphibious.
You can wear up to eight rings at the same time.
You can use your tentacles to constrict eight enemies at once.
Your skin changes colour to match your surroundings (Stealth+).
Your rubbery body absorbs attacks. (AC +1, EV +1)


Message History

You closely miss the phantom.
The phantom is moderately damaged.
The phantom barely misses you.
You hit the phantom but do no damage. You squeeze the phantom.
The phantom is heavily damaged.
The phantom hits you.
You hit the phantom.
The phantom is heavily damaged.
The phantom hits you but does no damage.
You closely miss the phantom.
You squeeze the phantom, but do no damage.
The phantom is heavily damaged.
The phantom hits you.
* * * LOW HITPOINT WARNING * * *
You hit the phantom.
The phantom is heavily damaged.
The phantom hits you!
* * * LOW HITPOINT WARNING * * *
The phantom hits you!
You die...

.... .........###### ##.....
..### #.##.........###..##.#
.....# .##
..#.........##..## .# #.##..
..###.##........##.## .#
#.###.###.#...##........#..#
.#
#........_..#..#........#.##
#......#.# #...###.###..#
#........# ##..####.###.##
#........# #...@....#...#
#######..###..W######.###
#..........####.#
##......##.#....##
#####...............#
#####.....##............#
......######.#..........#
####.## #........######
##...######.####ยง..####


You could see a phantom.

Vanquished Creatures
  An ogre (D:4)
  A worker ant (D:4)
  A hound skeleton (D:4)
  6 adders
  6 worms
  8 dart slugs
  3 leopard geckos
  5 orcs
  4 giant cockroaches
  3 goblins
  10 hobgoblins
  5 jackals
  A quokka (D:3)
  9 bats
  3 frilled lizards (D:1)
  8 kobolds
  11 rats
85 creatures vanquished.

Notes
Turn   | Place    | Note
-------+----------+-------------------------------------------
     0 | D:1      | Ijustatesigmund the Octopode Artificer began the quest for the Orb.
     0 | D:1      | Reached XP level 1. HP: 13/13 MP: 3/3
    81 | D:1      | Reached skill level 2 in Stealth
    87 | D:1      | Reached XP level 2. HP: 10/18 MP: 4/4
   698 | D:1      | Reached skill level 3 in Stealth
   703 | D:1      | Reached XP level 3. HP: 23/23 MP: 5/5
  1226 | D:2      | Reached XP level 4. HP: 3/28 MP: 6/6
  1240 | D:2      | HP: 1/28 [poisoned by an adder]
  1555 | D:2      | Reached skill level 4 in Stealth
  2323 | D:3      | Reached skill level 1 in Axes
  2724 | D:3      | Reached XP level 5. HP: 34/34 MP: 7/7
  2740 | D:3      | Found a burning altar of Makhleb.
  3134 | D:4      | Found a hide-covered altar of Uskayaw.
  3608 | D:4      | Found Imirri's Food Shop.
  3935 | D:4      | Noticed an ogre
  3943 | D:4      | Killed an ogre
  3943 | D:4      | Reached XP level 6. HP: 42/42 MP: 8/8
  3968 | D:4      | Found a bloodstained altar of Trog.
  3971 | D:4      | Noticed a phantom
  3993 | D:4      | Slain by a phantom

Vault maps used:
D:1:      minmay_arrival_doors
D:2:      kennysheep_six_static_rooms, uniq_jessica
D:3:      marbit_many_paths
D:4:      eat_drink_and_be_merry_uskayaw, lemuel_crystal_altar,
          minmay_temple_entry_fiery, serial_shops, shop

Skill      XL: |  1  2  3  4  5 |
---------------+----------------+-----
Stealth        | 2 3 4 |  4.0
Dodging        | 3 |  3.3
Axes           | 1 3 |  3.1
Fighting       | 3 |  3.3
Short Blades   | |  1.0
Evocations     | |  3.2

Action                   |  1- 3 |  4- 6 || total
-------------------------+-------+-------++-------
Melee: Short sword       |    63 |    10 ||    73
       Constrict         |    18 |    39 ||    57
       Tentacles         |    11 |    27 ||    38
       Hand axe          |       |   119 ||   119
Evoke: Wand              |     4 |     1 ||     5
  Use: Scroll            |     3 |     6 ||     9
       Potion            |       |     3 ||     3
 Stab: Sleeping          |    15 |    17 ||    32
       Distracted        |     1 |     1 ||     2
       Invisible         |       |     3 ||     3
  Eat: Chunk             |       |     4 ||     4
       Ration            |       |     2 ||     2
Armor: Skin              |     8 |    14 ||    22
Dodge: Dodged            |    34 |    95 ||   129

Table legend:
 A = Spawn XP
 B = Non-spawn XP
 C = Spawn XP percentage of total XP
 D = Spawn monster count
 E = Non-spawn monster count
 F = Spawn count percentage of total count
 G = Total turns spent on level
                    A         B        C        D         E        F      G
               +---------+---------+-------+---------+---------+-------+---------
         Total |       0 |     414 |   0.0 |       0 |      85 |   0.0 |  3993
               +---------+---------+-------+---------+---------+-------+---------
           D:1 |       0 |      54 |   0.0 |       0 |      27 |   0.0 |   998
           D:2 |       0 |      69 |   0.0 |       0 |      28 |   0.0 |  1039
           D:3 |       0 |      56 |   0.0 |       0 |      16 |   0.0 |  1097
           D:4 |       0 |     235 |   0.0 |       0 |      14 |   0.0 |   859
               +---------+---------+-------+---------+---------+-------+---------
